 Dungeon Crawl Stone Soup version 0.30-a0-118-ga018f8e90f (webtiles) character file.

Game seed: 4367124396225407757

2927 Newt the Basher (level 9, -6/69 HPs)
             Began as a Demonspawn Gladiator on Sept 13, 2022.
             Was an Elder of Sif Muna.
             Mangled by an orc warrior
             ... wielding a +0 glaive
              (12 damage)
             ... in a bailey.
             The game lasted 00:12:41 (6492 turns).

Newt the Basher (Demonspawn Gladiator)              Turns: 6492, Time: 00:12:42

Health: -6/69      AC: 20    Str: 19    XL:     9   Next: 50%
Magic:  15/16      EV: 12    Int:  9    God:    Sif Muna [****..]
Gold:   304        SH:  4    Dex: 15    Spells: 17/17 levels left

rFire   + . .      SeeInvis .    i - +5 whip (vamp)
rCold   + . .      Faith    .    (no shield)
rNeg    . . .      Spirit   .    I - +3 leather armour {rF+}
rPois   .          Reflect  .    c - +0 helmet
rElec   .          Harm     .    (no cloak)
rCorr   +          Rampage  .    l - +0 pair of gloves
Will    .....                    t - +0 pair of boots
Stlth   ++........               p - amulet of regeneration
HPRegen 1.01/turn                v - ring of protection from cold
MPRegen 0.15/turn                M - ring of resist corrosion

@: sanguine armoured
A: icemail 1, spiny 2, sanguine armour 1, condensation shield
a: Renounce Religion, Channel Magic, Forget Spell, Divine Exegesis


You were in a bailey.
You worshipped Sif Muna.
Sif Muna was greatly pleased with you.
You visited 1 branch of the dungeon, and saw 7 of its levels.
You also visited: Sewer, Ossuary and Bailey.

You collected 330 gold pieces.
You spent 26 gold pieces at shops.

Inventory:

Hand Weapons
 a - a +0 rapier
 i - a +5 vampiric whip (weapon)
Missiles
 d - 3 throwing nets (quivered)
 e - 5 javelins
 f - 10 poisoned darts
 g - 4 silver javelins
Armour
 b - a +0 leather armour
 c - a +0 helmet (worn)
 l - a +0 pair of gloves (worn)
 t - a +0 pair of boots (worn)
 z - a +1 pair of boots
 I - a +3 leather armour of fire resistance (worn)
Jewellery
 p - an amulet of regeneration (around neck)
 v - a ring of protection from cold (left hand)
 C - a ring of wizardry
 J - a +6 ring of dexterity
 M - a ring of resist corrosion (right hand)
 R - a ring of willpower
Wands
 u - a wand of digging (5)
 P - a wand of quicksilver (13)
Scrolls
 h - a scroll of enchant armour
 j - a scroll of vulnerability
 k - 4 scrolls of fog
 m - a scroll of blinking
 q - 6 scrolls of teleportation
 D - a scroll of amnesia
 E - a scroll of noise
 N - a scroll of poison
 Q - a scroll of fear
Potions
 n - 4 potions of might
 o - 4 potions of lignification
 r - 3 potions of degeneration
 s - 4 potions of curing
 w - 2 potions of brilliance {unknown}
 x - 3 potions of flight
 A - 3 potions of berserk rage {unknown}
 B - a potion of ambrosia
 L - a potion of attraction
 S - 2 potions of mutation {unknown}


   Skills:
 - Level 6.0 Fighting
 - Level 2.6 Short Blades
 - Level 8.0 Maces & Flails
 - Level 1.7 Throwing
 - Level 5.0 Armour
 - Level 2.6 Dodging
 - Level 2.0 Stealth
 + Level 4.7 Spellcasting


You had 17 spell levels left.
You didn't know any spells.
Your spell library contained the following spells:

 Spells                   Type           Power      Damage    Failure   Level
 Apportation              Tloc           4%         N/A       28%         1
 Necrotise                Necr           8%         1d4       28%         1
 Sandblast                Erth           4%         2d4       28%         1
 Summon Small Mammal      Summ           8%         N/A       28%         1
 Cigotuvi's Dreadful Rot  Necr/Pois/Air  4%         N/A       41%         2
 Ensorcelled Hibernation  Hex/Ice        4%         N/A       41%         2
 Poisonous Vapours        Pois/Air       4%         N/A       41%         2
 Call Canine Familiar     Summ           2%         N/A       65%         3
 Portal Projectile        Hex/Tloc       4%         N/A       65%         3
 Spider Form              Tmut/Pois      2%         N/A       65%         3
 Summon Guardian Golem    Hex/Summ       2%         N/A       65%         3
 Anguish                  Hex/Necr       1%         N/A       96%         4
 Animate Armour           Summ/Erth      4%         N/A       96%         4
 Leda's Liquefaction      Hex/Erth       1%         N/A       96%         4


Dungeon Overview and Level Annotations

Branches:
Dungeon (7/15)             Temple (0/1) D:7           Sewer (visited)
Ossuary (visited)          Bailey (1/1)

Altars:
Gozag
Sif Muna
Xom

Shops:
D:4 !   D:5 *


Innate Abilities, Weirdness & Mutations

A meltable icy envelope protects you from harm. (AC +4)
You are mostly covered in sharp spines.
When seriously injured, your blood forms armour. (AC +6)
A meltable shield of frost defends you. (SH +4)


Message History

The roots erupt in riotous growth!
Roots grab the orc warrior.
Roots grab the orc warrior.
The now-empty wand crumbles to dust.
The grasping roots constrict the orc warrior.
The grasping roots constrict the orc warrior, but do no damage.
The orc warrior closely misses you.
The orc warrior hits you from afar with a +0 glaive.
The orc warrior hits you from afar with a +0 glaive!
The orc warrior hits you from afar with a +0 spear.
* * * LOW HITPOINT WARNING * * *
Unknown command.
Unknown command.
Unknown command.
The grasping roots constrict the orc warrior, but do no damage.
The grasping roots constrict the orc warrior.
The roots release their grip on the orc warrior. x2
The orc warrior barely misses you.
The orc warrior hits you but does no damage.
The orc warrior hits you with a +0 spear.
* * * LOW HITPOINT WARNING * * *
You whack the orc warrior!
You kill the orc warrior!
Sif Muna accepts your kill. The orc warrior misses you.
The orc warrior hits you with a +0 glaive.
* * * LOW HITPOINT WARNING * * *
The orc warrior hits you from afar with a +0 glaive!
* * * LOW HITPOINT WARNING * * *
You whack the orc warrior!
The orc warrior is almost dead.
Unknown command.
You barely miss the orc warrior.
The orc warrior is almost dead.
The orc warrior closely misses you.
The orc warrior is struck by your spines.
You kill the orc warrior!
Sif Muna accepts your kill.
The orc warrior hits you from afar with a +0 glaive!
You die...

###..~~..###..~~..##########
....))..## ##..~~..........#
~~~~~..##.∩.##..~~)~~~~~~~.#
....).##.....##...)......~.#
##########+###'#########.~.#
+#.........## ##.~.#
##..≈≈≈≈≈≈≈..## ##..~.# #
#..§§.....≈≈).## ##..~~.# #
...§..⌠∩§...)@.# #..~))∩#
#+#..≈≈...§...≈≈..#+#..~~.##
#.##..≈≈....)≈§o.o#.##..~~.#
.$.##§§≈≈§.≈≈≈(.##...##))~.#
$$$.##...§.((..##.....##.~.#
##########+#############.~.#
......## ##..........~.#
~~~~~..## ##..~~~~~~~~~~.#
....~~..## ##..~~..........#


You could see 2 orc warriors.

Vanquished Creatures
  Prince Ribbit (D:7)
  Edmund (D:4)
  6 orc warriors
  An ice beast (D:5)
  A black bear (D:6)
  3 ogres
  Blork the orc (D:6)
  An elf zombie (Ossuary)
  2 kobold brigands
  3 bullfrogs
  A scorpion (D:6)
  5 wights (D:7)
  A human zombie (Ossuary)
  4 hounds
  4 orc priests
  Ijyb (D:3)
  Natasha (thrice) (D:2)
  5 orc wizards
  2 mummies (Ossuary)
  14 adders
  A gnoll (D:1)
  6 river rats (Sewer)
  3 white imps
  An ufetubus (D:5)
  2 adder zombies (Ossuary)
  2 worms
  2 dart slugs
  30 orcs
  21 ball pythons
  2 bats
  10 endoplasms
  7 giant cockroaches
  7 goblins
  6 hobgoblins
  9 quokkas
  8 frilled lizards
  11 hobgoblin zombies (Ossuary)
  2 jackal zombies (Ossuary)
  12 kobolds
  11 kobold zombies (Ossuary)
  8 orc zombies (Ossuary)
  33 rats
  A rat zombie (Ossuary)
255 creatures vanquished.

Vanquished Creatures (others)
  2 plants (D:3)
2 creatures vanquished.

Grand Total: 257 creatures vanquished

Notes
Turn   | Place    | Note
-------+----------+-------------------------------------------
     0 | D:1      | Newt the Demonspawn Gladiator began the quest for the Orb.
     0 | D:1      | Reached XP level 1. HP: 16/16 MP: 1/1
    34 | D:1      | Reached skill level 1 in Stealth
   309 | D:1      | Gained mutation: You are partially covered in sharp spines.
                  | [demonic ancestry]
   309 | D:1      | Reached XP level 2. HP: 17/22 MP: 2/2
   673 | D:1      | Found a faded altar of an unknown god.
   722 | D:1      | Prayed at the altar of an unknown god.
   722 | D:1      | Became a worshipper of Sif Muna the Loreminder
   722 | D:1      | Reached * piety under Sif Muna
   833 | D:1      | Reached XP level 3. HP: 15/28 MP: 3/3
  1595 | D:2      | Noticed Natasha
  1600 | D:2      | Killed Natasha
  1603 | D:2      | Reached XP level 4. HP: 37/37 MP: 4/4
  1614 | D:2      | Noticed Natasha
  1632 | D:2      | Killed Natasha
  1720 | D:2      | Reached skill level 1 in Maces & Flails
  1817 | D:2      | Noticed Natasha
  1827 | D:2      | Killed Natasha
  1828 | D:2      | Reached skill level 2 in Maces & Flails
  1828 | D:2      | Gained mutation: A meltable shield of frost defends you.
                  | (SH +4) [demonic ancestry]
  1828 | D:2      | Reached XP level 5. HP: 42/42 MP: 5/5
  1850 | D:2      | Found a shimmering altar of Xom.
  1897 | D:2      | Reached ** piety under Sif Muna
  2030 | D:3      | Noticed Ijyb
  2052 | D:3      | Killed Ijyb
  2357 | D:3      | Reached skill level 3 in Maces & Flails
  2843 | D:4      | Found a glowing drain.
  2856 | D:4      | Gained mutation: A meltable icy envelope protects you from
                  | harm. (AC +4) [demonic ancestry]
  2856 | D:4      | Reached XP level 6. HP: 21/48 MP: 6/6
  2871 | Sewer    | Entered a sewer
  2922 | Sewer    | Reached skill level 4 in Maces & Flails
  3011 | Sewer    | Reached *** piety under Sif Muna
  3088 | Sewer    | Reached skill level 5 in Maces & Flails
  3095 | Sewer    | Gained mutation: When seriously injured, your blood forms
                  | armour. (AC +6) [demonic ancestry]
  3095 | Sewer    | Reached XP level 7. HP: 35/54 MP: 7/7
  3244 | D:4      | Found a sand-covered staircase.
  3273 | Ossuary  | Entered an ossuary
  3327 | Ossuary  | Reached **** piety under Sif Muna
  3409 | Ossuary  | Reached skill level 6 in Maces & Flails
  3826 | D:4      | Found Lijireh's Distillery.
  3896 | D:4      | Noticed Edmund
  3934 | D:4      | Killed Edmund
  3935 | D:4      | Reached skill level 7 in Maces & Flails
  4022 | D:5      | Entered Level 5 of the Dungeon
  4027 | D:5      | Found Quniniep's General Store.
  4036 | D:5      | Bought a scroll of identify for 26 gold pieces
  4221 | D:5      | Gained mutation: You are mostly covered in sharp spines.
                  | [demonic ancestry]
  4221 | D:5      | Reached XP level 8. HP: 57/60 MP: 8/8
  4459 | D:5      | Reached skill level 8 in Maces & Flails
  4492 | D:5      | Found an opulent altar of Gozag.
  4651 | D:6      | Noticed Blork the orc
  4658 | D:6      | Killed Blork the orc
  4659 | D:6      | Reached skill level 5 in Fighting
  4709 | D:6      | Reached ***** piety under Sif Muna
  4732 | D:6      | Received a gift from Sif Muna
  4746 | D:6      | Got Sif Muna's Compilation of the Caves {god gift}
  5081 | D:6      | Reached XP level 9. HP: 69/69 MP: 9/9
  5684 | D:7      | Noticed Prince Ribbit
  5698 | D:7      | Killed Prince Ribbit
  5699 | D:7      | Reached skill level 5 in Armour
  5699 | D:7      | Reached skill level 1 in Spellcasting
  5940 | D:7      | Found a flagged portal.
  5949 | Bailey   | Entered a bailey
  6492 | Bailey   | Mangled by an orc warrior

Illustrated notes

Levels and vault maps discovered:
D:1:      lemuel_arrival_room, layout_basic,
          shapermc_ecumenical_altar_flowoftime
D:2:      wad_pebble_path, layout_rooms, basic_altar, uniq_natasha
D:3:      layout_rooms, serial_bayou_pond_b, uniq_ijyb
D:4:      layout_loops_ring, portal_sewer_entry_f, chequers_ossuary_entry_cave,
          serial_shops, nicolae_shop_advertising_works
          [nicolae_subvault_shop_adworks], uniq_edmund
D:5:      minmay_spotlight, layout_rooms,
          nicolae_gozag_cash_rules_everything_around_me, serial_shops,
          nicolae_shop_crystal
D:6:      layout_loops_ring, minmay_misc_feat_five, kennysheep_generic_room_11,
          uniq_blork_the_orc
D:7:      layout_loops_ring, minmay_temple_entry_fiery, enter_bailey_2,
          uniq_prince_ribbit1
Bailey:   bailey_polearm_1, bailey

Skill      XL: |  1  2  3  4  5  6  7  8  9 |
---------------+----------------------------+-----
Stealth        | 1 2 |  2.0
Fighting       | 3 4 6 |  6.0
Maces & Flails | 2 3 5 7 8 |  8.0
Armour         | 4 5 |  5.0
Spellcasting   | 4 |  4.7
Short Blades   | |  2.6
Throwing       | |  1.7
Dodging        | |  2.6

Action                   |  1- 3 |  4- 6 |  7- 9 || total
-------------------------+-------+-------+-------++-------
Melee: Rapier            |    38 |       |       ||    38
       Whip              |    27 |   211 |   412 ||   650
       Punch             |       |     1 |     9 ||    10
Throw: Throwing net      |     1 |       |       ||     1
       Dart              |       |       |     9 ||     9
Evoke: Wand              |       |       |     4 ||     4
  Use: Scroll            |     4 |     7 |    13 ||    24
       Potion            |       |     1 |     2 ||     3
 Stab: Sleeping          |     3 |     2 |     4 ||     9
       Distracted        |       |       |     1 ||     1
Armor: Leather armour    |    13 |    86 |   116 ||   215
Dodge: Dodged            |    31 |   123 |   182 ||   336
Block: Other             |       |    35 |    56 ||    91

Table legend: (Time is in decaauts)
 A = Elapsed time spent in this place.
 B = Non-inter-level travel time spent in this place.
 C = Inter-level travel time spent in this place.
 D = Time resting spent in this place.
 E = Time spent auto-exploring this place.
 F = Levels seen in this place.
 G = Mean time per level.
                   A        B        C        D        E       F      G
               +--------+--------+--------+--------+--------+-----+--------+
         Total |   6469 |   6308 |    161 |   1245 |   3204 |  10 |  646.9 |
       Dungeon |   5425 |   5264 |    161 |    914 |   3063 |   7 |  775.0 |
         Sewer |    269 |    269 |      0 |      0 |     33 |   1 |  269.0 |
       Ossuary |    228 |    228 |      0 |      0 |     75 |   1 |  228.0 |
        Bailey |    545 |    545 |      0 |    331 |     33 |   1 |  545.0 |
               +--------+--------+--------+--------+--------+-----+--------+

Top non-repeatable levels by time:
     D:1: 1542 daAuts
     D:6: 1055 daAuts
     D:3: 777 daAuts
     D:4: 727 daAuts
     D:5: 559 daAuts
  Bailey: 545 daAuts
     D:2: 507 daAuts
   Sewer: 269 daAuts
     D:7: 255 daAuts
 Ossuary: 228 daAuts
